 Dungeon Sprint DCSS version 0.22-a0-848-ge9e22a0 (webtiles) character file.

6249 Krakonus1 the Ninja (level 10, -3/67 HPs)
             Began as a Vampire Assassin on July 26, 2018.
             Was a High Priest of Dithmenos.
             Slain by a dire elephant (35 damage)
             ... in the Dungeon (Sprint IX: "|||||||||||||||||||||||||||||").
             The game lasted 00:15:14 (9708 turns).

Krakonus1 the Ninja (Vampire Assassin)              Turns: 9708, Time: 00:15:16

Health: -3/67      AC:  4    Str: 10    XL:     10   Next: 62%
Magic:  2/10       EV: 26    Int: 14    God:    Dithmenos [*****.]
Gold:   19         SH:  0    Dex: 19    Spells: 9/9 levels left

rFire    . . .     SeeInvis +   q - +2 rapier (drain)
rCold    + + .     Gourm    .   (no shield)
rNeg     + + +     Faith    .   c - +0 robe
rPois    ∞         Spirit   .   (no helmet)
rElec    .         Reflect  .   d - +0 cloak
rCorr    .         Harm     .   r - +0 pair of gloves
MR       +....     NoTele   +   (no boots)
Stlth    ++++++++++             (no amulet)
HPRegen  0.00/turn              t - +2 ring of evasion
MPRegen  0.12/turn              u - +2 ring of evasion

@: bloodless, non-regenerating, wreathed by umbra
A: fangs 3, see invisible, unbreathing
a: Bat Form, Shadow Step, Shadow Form, Renounce Religion


You were in the Dungeon.
You worshipped Dithmenos.
Dithmenos was extremely pleased with you.
You were bloodless.

You visited 1 branch You collected 19 gold pieces.

Inventory:

Hand Weapons
 a - a +2 dagger
 b - a +0 blowgun
 q - a +2 rapier of draining (weapon)
 w - a +0 shortbow
Missiles
 e - 8 poisoned needles
 f - 2 curare-tipped needles
 x - 43 arrows
Armour
 c - a +0 robe (worn)
 d - a +0 cloak (worn)
 r - a +0 pair of gloves (worn)
 s - a +1 scale mail
Magical Staves
 p - an uncursed staff of energy
Jewellery
 t - a +2 ring of evasion (left hand)
 u - a +2 ring of evasion (right hand)
Wands
 o - a wand of iceblast (10)
Scrolls
 j - 5 scrolls of remove curse
 n - 2 scrolls of amnesia
 y - 2 scrolls of enchant armour
 B - a scroll of fear
Potions
 i - 4 potions of curing
 k - 4 potions of magic
 l - a potion of berserk rage
 z - a potion of brilliance
 A - a potion of resistance


   Skills:
 - Level 1.7 Fighting
 * Level 12.1 Short Blades
 - Level 1.5 Throwing
 * Level 12.0 Dodging
 O Level 27 Stealth


You had 9 spell levels left.
You didn't know any spells.
Your spell library was empty.

Dungeon Overview and Level Annotations

Branches:
Dungeon (1/1)

Altars:
Cheibriados
Dithmenos
Elyvilon
Fedhas
Gozag
Hepliaklqana
Kikubaaqudgha
Makhleb
Nemelex Xobeh
Okawaru
Qazlal
Ru
Sif Muna
Trog
Uskayaw
Vehumet
Wu Jian
Xom
Yredelemnul
Zin
The Shining One
Beogh
Jiyva
Lugonu


Innate Abilities, Weirdness & Mutations

You do not heal naturally.
You are immune to poison.
You have razor-sharp teeth.
You have supernaturally acute eyesight. (SInv)
You can survive without breathing.


Message History

You feel almost devoid of blood!
You start resting.
You feel devoid of blood!
You open the door.
Okay, then.
Aiming: Shadow Step
Press: ? - help, Dir - move target cursor, f - dire elephant
Aim: a dire elephant (hasn't noticed you, umbra)
You step into the dire elephant's shadow.
The dire elephant trumpets!
The dire elephant completely misses you.
The dire elephant trunk-slaps you!
There is an open door, spattered with blood here.
Aiming: Shadow Step
Press: ? - help, Dir - move target cursor, f/p - dire elephant
Aim: a dire elephant (umbra)
You step into the dire elephant's shadow.
The dire elephant tramples you!!
Ouch! That really hurt!
You die...

▓▓▓▓▓▓▓▓▓▓▓▓▓▓▓▓▓▓▓▓▓▓▓▓▓▓▓▓▓▓▓▓▓
_______________________'...).[...
▓▓▓▓▓▓▓▓▓▓▓▓▓▓▓▓▓▓▓▓▓▓▓▓▓▓▓▓▓▓▓▓▓
.................................
▓▓▓▓▓▓▓▓▓▓▓▓▓▓▓▓▓▓▓▓▓▓▓▓▓▓▓▓▓▓▓▓▓
...'.........'.Y@......'........$
▓▓▓▓▓▓▓▓▓▓▓▓▓▓▓▓▓▓▓▓▓▓▓▓▓▓▓▓▓▓▓▓▓


You could see a dire elephant.

Vanquished Creatures
  A hydra (D)
  A manticore (D)
  6 elephants (D)
  3 spiny frogs (D)
  A komodo dragon (D)
  A blink frog (D)
  2 hippogriffs (D)
  2 yaks (D)
  A basilisk (D)
  2 porcupines (D)
  A water moccasin (D)
  A wolf (D)
  2 centaurs (D)
  3 crocodiles (D)
  A big kobold (D)
  2 bullfrogs (D)
  A scorpion (D)
  A howler monkey (D)
  A crimson imp (D)
  A hound (D)
  2 worker ants (D)
  An adder (D)
  An orc (D)
  A bat (D)
  A bat zombie (D)
  A giant cockroach (D)
  A goblin (D)
  A hobgoblin (D)
  A quokka (D)
  A leopard gecko skeleton (D)
  A rat (D)
46 creatures vanquished.

Notes
Turn   | Place    | Note
-------+----------+-------------------------------------------
     0 | D        | Krakonus1 the Vampire Assassin began the quest for the Orb.
     0 | D        | Reached XP level 1. HP: 16/16 MP: 1/1
  2037 | D        | Reached skill level 6 in Stealth
  2038 | D        | Reached skill level 7 in Stealth
  2054 | D        | Reached skill level 8 in Stealth
  2061 | D        | Noticed a howler monkey
  2061 | D        | Noticed a crimson imp
  2061 | D        | Noticed a scorpion
  2063 | D        | Killed a howler monkey
  2063 | D        | Reached skill level 11 in Stealth
  2063 | D        | Reached XP level 2. HP: 17/22 MP: 2/2
  2063 | D        | Reached XP level 3. HP: 21/27 MP: 3/3
  2073 | D        | Reached skill level 12 in Stealth
  2094 | D        | Killed a scorpion
  2094 | D        | Reached skill level 14 in Stealth
  2094 | D        | Reached XP level 4. HP: 15/33 MP: 4/4
  2142 | D        | Reached skill level 15 in Stealth
  2151 | D        | Found a roughly hewn altar of Beogh.
  2151 | D        | Found a snail-covered altar of Cheibriados.
  2151 | D        | Found a shadowy altar of Dithmenos.
  2151 | D        | Found a white marble altar of Elyvilon.
  2151 | D        | Found a blossoming altar of Fedhas.
  2151 | D        | Found an opulent altar of Gozag.
  2152 | D        | Found a hazy altar of Hepliaklqana.
  2153 | D        | Found a viscous altar of Jiyva.
  2154 | D        | Found an ancient bone altar of Kikubaaqudgha.
  2155 | D        | Found a corrupted altar of Lugonu.
  2156 | D        | Became a worshipper of Dithmenos the Shadowed
  2158 | D        | Found a burning altar of Makhleb.
  2159 | D        | Found a sparkling altar of Nemelex Xobeh.
  2160 | D        | Found an iron altar of Okawaru.
  2161 | D        | Found a stormy altar of Qazlal.
  2162 | D        | Found a sacrificial altar of Ru.
  2163 | D        | Found a deep blue altar of Sif Muna.
  2164 | D        | Found a bloodstained altar of Trog.
  2165 | D        | Found a hide-covered altar of Uskayaw.
  2166 | D        | Found a radiant altar of Vehumet.
  2167 | D        | Found an ornate altar of the Wu Jian Council.
  2169 | D        | Found a shimmering altar of Xom.
  2170 | D        | Found a basalt altar of Yredelemnul.
  2171 | D        | Found a glowing silver altar of Zin.
  2172 | D        | Found a glowing golden altar of the Shining One.
  2691 | D        | Noticed a centaur
  2691 | D        | Noticed a big kobold
  2695 | D        | Killed a centaur
  2695 | D        | Reached skill level 17 in Stealth
  2695 | D        | Reached XP level 5. HP: 38/38 MP: 5/5
  2699 | D        | Reached * piety under Dithmenos
  2699 | D        | Reached skill level 18 in Stealth
  2699 | D        | Reached XP level 6. HP: 44/44 MP: 6/6
  2706 | D        | Reached skill level 19 in Stealth
  3123 | D        | Noticed a basilisk
  3123 | D        | Noticed a manticore
  3125 | D        | Reached ** piety under Dithmenos
  3125 | D        | Reached skill level 20 in Stealth
  3127 | D        | Killed a basilisk
  3127 | D        | Reached skill level 21 in Stealth
  3127 | D        | Reached XP level 7. HP: 49/49 MP: 7/7
  3135 | D        | Killed a manticore
  3135 | D        | Reached skill level 23 in Stealth
  3144 | D        | Reached *** piety under Dithmenos
  3670 | D        | Noticed a blink frog
  3670 | D        | Noticed a yak
  3670 | D        | Noticed a hippogriff
  3677 | D        | Reached XP level 8. HP: 47/55 MP: 8/8
  3678 | D        | Noticed a spiny frog
  3680 | D        | Reached skill level 24 in Stealth
  3690 | D        | Killed a blink frog
  3690 | D        | Reached **** piety under Dithmenos
  3694 | D        | Reached skill level 25 in Stealth
  3834 | D        | Killed a hippogriff
  3845 | D        | Reached skill level 26 in Stealth
  3852 | D        | Killed a spiny frog
  3852 | D        | Reached ***** piety under Dithmenos
  3852 | D        | Reached XP level 9. HP: 61/61 MP: 9/9
  3870 | D        | Reached skill level 27 in Stealth
  3929 | D        | Noticed a komodo dragon
  3929 | D        | Noticed a spiny frog
  3929 | D        | Noticed a spiny frog
  3932 | D        | Noticed a five-headed hydra
  3935 | D        | Killed a komodo dragon
  3935 | D        | Reached skill level 5 in Short Blades
  3935 | D        | Reached skill level 5 in Dodging
  3936 | D        | Killed a spiny frog
  3960 | D        | Killed a spiny frog
  4325 | D        | HP: 5/61 [five-headed hydra (15)]
  4328 | D        | Killed a five-headed hydra
  4328 | D        | Reached XP level 10. HP: 28/67 MP: 10/10
  5052 | D        | Noticed an elephant
  5052 | D        | Noticed an elephant
  5052 | D        | Noticed a dire elephant
  5052 | D        | Noticed an elephant
  5052 | D        | Noticed an elephant
  5052 | D        | Noticed an elephant
  5053 | D        | Noticed an elephant
  5607 | D        | Killed an elephant
  5607 | D        | Reached skill level 10 in Short Blades
  5607 | D        | Reached skill level 10 in Dodging
  5712 | D        | Killed an elephant
  5717 | D        | Killed an elephant
  5775 | D        | Killed an elephant
  5775 | D        | Reached ****** piety under Dithmenos
  8047 | D        | Killed an elephant
  8161 | D        | Noticed an elephant
  8535 | D        | Killed an elephant
  9226 | D        | HP: 5/67 [dire elephant (14)]
  9708 | D        | Slain by a dire elephant

Vault maps used:
D:        linesprint

Skill      XL: |  1  2  3  4  5  6  7  8  9 10 |
---------------+-------------------------------+-----
Stealth        | 11 14 17 18 21 23 26 27 | 27.0
Short Blades   | 9 12 | 12.1
Dodging        | 9 12 | 12.0
Fighting       | |  1.7
Throwing       | |  1.5

Action                   |  1- 3 |  4- 6 |  7- 9 | 10-12 || total
-------------------------+-------+-------+-------+-------++-------
Melee: Dagger            |    47 |    36 |       |       ||    83
       Bite              |     3 |     4 |    16 |    15 ||    38
       Rapier            |       |    14 |    88 |    83 ||   185
Invok: Shadow Step       |       |       |       |     4 ||     4
 Abil: End Transformatio |       |       |       |     4 ||     4
       Bat Form          |       |       |       |     4 ||     4
  Use: Potion            |     1 |     5 |     7 |    10 ||    23
       Scroll            |       |       |     2 |     1 ||     3
 Stab: Sleeping          |     1 |     7 |     2 |       ||    10
       Invisible         |       |       |     5 |       ||     5
       Distracted        |       |       |     3 |     3 ||     6
Armor: Robe              |     8 |     9 |    11 |     5 ||    33
Dodge: Dodged            |    22 |    13 |    91 |    76 ||   202

Table legend:
 A = Spawn XP
 B = Non-spawn XP
 C = Spawn XP percentage of total XP
 D = Spawn monster count
 E = Non-spawn monster count
 F = Spawn count percentage of total count
 G = Total turns spent on level
                    A         B        C        D         E        F      G
               +---------+---------+-------+---------+---------+-------+---------
         Total |       0 |    8928 |   0.0 |       0 |      46 |   0.0 |  9708
               +---------+---------+-------+---------+---------+-------+---------
             D |       0 |    8928 |   0.0 |       0 |      46 |   0.0 |  9708
               +---------+---------+-------+---------+---------+-------+---------
